 Dungeon Crawl Stone Soup version 0.29-a0-338-g1ff7896281 (webtiles) character file.

Game seed: 13440907647635926084

13287 melkoren the Cleaver (level 11, -5/104 HPs)
             Began as a Minotaur Berserker on Apr 17, 2022.
             Was an Elder of Trog.
             Slain by a red draconian
             ... wielding a +0 scimitar of flaming
              (17 damage)
             ... in a volcano.
             The game lasted 00:42:48 (16852 turns).

melkoren the Cleaver (Minotaur Berserker)          Turns: 16852, Time: 00:42:49

Health: -5/104     AC: 14    Str: 23    XL:     11   Next: 73%
Magic:  10/10      EV: 14    Int:  4    God:    Trog [****..]
Gold:   570        SH:  0    Dex: 13    Spells: 10/10 levels left

rFire   + + .      SeeInvis .   N - +6 battleaxe
rCold   + . .      Faith    .   (shield currently unavailable)
rNeg    . . .      Spirit   .   A - +2 scale mail {rF+}
rPois   +          Reflect  .   (helmet restricted)
rElec   +          Harm     .   (no cloak)
rCorr   +          Rampage  .   p - +0 pair of gloves
Will    +....                   v - +0 pair of boots
Stlth   ..........              (no amulet)
HPRegen 0.27/turn               l - ring of willpower
MPRegen 0.12/turn               L - ring of flight

@: resistant, flying
A: horns 2, retaliatory headbutt
a: Renounce Religion, Berserk, Trog's Hand, Brothers in Arms


You were in a volcano.
You worshipped Trog.
Trog was greatly pleased with you.
You visited 2 branches of the dungeon, and saw 10 of its levels.
You also visited: Volcano.

You collected 570 gold pieces.


Innate Abilities, Weirdness & Mutations

You have a pair of horns on your head.
You reflexively headbutt those who attack you in melee.


   Skills:
 + Level 11.9 Fighting
 + Level 12.0 Axes
 + Level 11.7 Armour
 + Level 10.7 Dodging


You had 10 spell levels left.
You didn't know any spells.
Your spell library contained the following spells:

 Spells                   Type           Power      Damage    Failure   Level
 Blink                    Tloc           0%         N/A       87%         2
 Corpse Rot               Necr/Air       0%         N/A       87%         2
 Poisonous Vapours        Pois/Air       0%         N/A       87%         2
 Static Discharge         Conj/Air       0%         N/A       87%         2
 Lesser Beckoning         Tloc           0%         N/A       98%         3
 Dispel Undead            Necr           0%         3d6       100%        4
 Petrify                  Tmut/Erth      0%         N/A       100%        4
 Sticky Flame             Conj/Fire      0%         2d3       100%        4
 Manifold Assault         Tloc           0%         N/A       100%        5
 Metabolic Englaciation   Hex/Ice        0%         N/A       100%        5
 Statue Form              Tmut/Erth      0%         N/A       100%        6

Inventory:

Hand Weapons
 s - the +8 demon trident "Rift" {distort, reach+}
   (You took it off a gnoll on level 8 of the Dungeon)

   It warps and distorts space around it, and may blink, banish, or inflict
   extra damage upon those it strikes.
   Unwielding it can cause banishment or high damage.
   It can reach especially far, and its reaching attacks ignore other creatures
   in the way.
 w - a +3 war axe
   (You took it off Blork the orc on level 4 of the Dungeon)
 N - a +6 battleaxe (weapon)
   (You took it off a wight on level 8 of the Dungeon)
Missiles
 a - 2 boomerangs of dispersal {=f!f}
 b - 22 poisoned darts
 d - 9 boomerangs (quivered)
 e - 464 stones
 f - 6 javelins
 n - 5 throwing nets {=f!f}
 E - 5 atropa-tipped darts
Armour
 m - a +2 leather armour of willpower
   (You found it on level 1 of the Dungeon)
 p - a +0 pair of gloves (worn)
   (You found it on level 1 of the Dungeon)
 q - a +0 leather armour
   (You took it off a gnoll on level 8 of the Dungeon)
 t - a +0 ring mail
   (You took it off a gnoll on level 8 of the Dungeon)
 v - a +0 pair of boots (worn)
   (You found it on level 4 of the Dungeon)
 x - a +0 robe
   (You took it off a wight on level 8 of the Dungeon)
 y - a +0 ring mail
   (You took it off a gnoll sergeant on level 8 of the Dungeon)
 z - a +0 chain mail
   (You took it off an orc warrior on level 8 of the Dungeon)
 A - a +2 scale mail of fire resistance (worn)
   (You took it off a gnoll sergeant on level 5 of the Dungeon)
 H - +0 steam dragon scales
   (You found it on level 6 of the Dungeon)
 J - a +0 chain mail
   (You took it off an orc on level 7 of the Dungeon)
 K - a +0 ring mail
   (You took it off an orc on level 8 of the Dungeon)
 O - a +1 robe of cold resistance
   (You found it on level 2 of the Lair of Beasts)
 P - a +0 scale mail
   (You found it on level 1 of the Lair of Beasts)
 Q - a +0 ring mail of fire resistance
   (You took it off an orc on level 7 of the Dungeon)
Jewellery
 l - a ring of willpower (left hand)
   (You found it on level 1 of the Dungeon)
 D - a ring of willpower
   (You took it off a gnoll on level 8 of the Dungeon)
 F - a ring of protection from fire
   (You found it on level 8 of the Dungeon)
 L - a ring of flight (right hand)
   (You found it on level 5 of the Dungeon)
Wands
 u - a wand of mindburst (33)
   (You found it on level 4 of the Dungeon)
 M - a wand of digging (6)
   (You found it on level 1 of the Lair of Beasts)
Scrolls
 g - a scroll of magic mapping {!r}
 i - 6 scrolls of teleportation {@r4}
 k - a scroll of identify {@r1}
Potions
 c - 4 potions of lignification {!q}
 h - 3 potions of curing {@q1}
 j - a potion of flight
 o - 3 potions of might
 r - 2 potions of ambrosia
 C - a potion of berserk rage {!q}
 G - 2 potions of brilliance

Dungeon Overview and Level Annotations

Branches:
Dungeon (8/15)             Temple (0/1) D:7            Lair (2/6) D:8
Volcano (1/1)
  Swamp: Lair:2-4    Shoals: Lair:2-4     Snake: Lair:2-4    Spider: Lair:2-4

Altars:
Ashenzari
Cheibriados
Dithmenos
Elyvilon
Fedhas
Makhleb
Okawaru
Sif Muna
Uskayaw
Wu Jian
The Shining One

Shops:
D:8 *=[(

Annotations:
Lair:1 exclusion: oklob plant

#.# #§≈§≈§≈ #.# #§§≈≈≈≈ #.#
#.§≈≈≈≈ #.# #.§§≈≈≈ #.# #.§≈≈§≈
#.# .#.§§§≈≈ ### ###○### ##§§≈§§§
#... #.)÷).# #.∩..#@8_8.# ≈≈
#....d.....+ ≈≈ ############ §§§
≈≈≈§≈ ≈≈≈≈≈§≈ §≈≈≈≈≈§ §§
≈≈§≈≈≈§§≈§≈§≈ ≈≈≈≈≈§§
§§§≈≈≈§≈≈≈§≈§§≈≈≈§≈≈≈≈≈§≈≈≈≈≈§≈≈≈


You could see a red draconian.


Message History

The centaur hits you.
* * * LOW HITPOINT WARNING * * *
The centaur kicks you but does no damage. 😨 HP[-11]
You take 11 damage, and now have 37/104 hp.
You slice the yaktaur!!
You kill the yaktaur!
Trog accepts your kill.
You slash the centaur! The centaur closely misses you.
The centaur kicks you but does no damage.
The centaur hits you but does no damage.
The centaur barely misses you.
Your Axes skill increases to level 12!
You slash the centaur!
You kill the centaur!
Trog accepts your kill.
You start resting.
The air gets thick with the scent of sulphur.
The volcano roars to life, belching forth lava!
The air gets thick with the scent of sulphur.
The volcano roars to life, belching forth lava!
The air gets thick with the scent of sulphur.
The volcano roars to life, belching forth lava!
The air gets thick with the scent of sulphur.
The volcano roars to life, belching forth lava!
The air gets thick with the scent of sulphur.
The volcano roars to life, belching forth lava! 😎 HP[+67]
Your hp is fully restored (104).
There are no items here.
Things that are here:
a +0 shortbow of flaming; a centaur skeleton
B - a +0 shortbow of flaming
There is an open door, spattered with blood here.
Things that are here:
a +1 shortbow of flaming; a centaur skeleton You drop a +0 shortbow of flaming.
You see here a centaur skeleton.
Things that are here:
a +2 shortbow of flaming; a centaur skeleton You see here a centaur skeleton.
You see here a +0 arbalest of flaming.
You reach down and open the door.
A red draconian comes into view.
It is wielding a +0 scimitar of flaming.
The red draconian breathes fire at you. The searing blast hits you! You resist.
Found a rocky tunnel leading out of this place. 😕 HP[-17]
You take 17 damage, and now have 87/104 hp.
The air gets thick with the scent of sulphur. 😕 HP[+1]
The red draconian hits you with a +0 scimitar of flaming! 😕 HP[-8]
You take 8 damage, and now have 80/104 hp.
You slice the red draconian!!
The volcano roars to life, belching forth lava!
The red draconian barely misses you.
You barely miss the red draconian. You headbutt the red draconian!
The red draconian hits you but does no damage.
You slice the red draconian!! You headbutt the red draconian!
The red draconian breathes fire at you. The searing blast hits you.
You resist. 😮 HP[-4]
You take 4 damage, and now have 76/104 hp.
You completely miss the red draconian.
The red draconian hits you with a +0 scimitar of flaming!
The red draconian burns you. 😮 HP[-14]
You take 14 damage, and now have 62/104 hp.
You barely miss the red draconian. Your headbutt misses the red draconian.
The red draconian misses you. You furiously retaliate!
You headbutt the red draconian, but do no damage.
You hit the red draconian. Your headbutt misses the red draconian.
The red draconian hits you with a +0 scimitar of flaming!
* * * LOW HITPOINT WARNING * * *
The red draconian burns you.
* * * LOW HITPOINT WARNING * * *
😨 HP[-16]
You take 16 damage, and now have 46/104 hp.
You slash the red draconian! You headbutt the red draconian!
The red draconian hits you with a +0 scimitar of flaming.
* * * LOW HITPOINT WARNING * * *
The red draconian burns you.
* * * LOW HITPOINT WARNING * * *
The red draconian hits you with a +0 scimitar of flaming!
* * * LOW HITPOINT WARNING * * *
The red draconian burns you.
* * * LOW HITPOINT WARNING * * *
😱 HP[-23]
You take 23 damage, and now have 23/104 hp.
MASSIVE DAMAGE!! (PAUSE)
You hit the red draconian but do no damage.
Your headbutt misses the red draconian.
The red draconian hits you with a +0 scimitar of flaming!
* * * LOW HITPOINT WARNING * * *
😱 HP[-11]
You take 11 damage, and now have 12/104 hp.
You feel protected.
The red draconian hits you with a +0 scimitar of flaming!
You die...

Skill      XL: |  1  2  3  4  5  6  7  8  9 10 11 |
---------------+----------------------------------+-----
Axes           | 4 5 6 7 9 10 12 | 12.0
Fighting       | 4 5 6 7 9 10 11 | 11.9
Armour         | 3 4 5 6 7 9 10 11 | 11.7
Dodging        | 3 5 6 8 9 10 | 10.7

Action                   |  1- 3 |  4- 6 |  7- 9 | 10-12 || total
-------------------------+-------+-------+-------+-------++-------
Melee: Hand axe          |    59 |   124 |       |       ||   183
       Headbutt          |     8 |    33 |    27 |    36 ||   104
       Punch             |     1 |     1 |     1 |       ||     3
       War axe           |       |    49 |   181 |     6 ||   236
       Battleaxe         |       |       |       |   213 ||   213
Throw: Boomerang         |       |    11 |       |     6 ||    17
Invok: Berserk           |     1 |     2 |     2 |     4 ||     9
       Trog's Hand       |       |       |     1 |       ||     1
  Use: Potion            |     4 |     2 |       |     5 ||    11
       Scroll            |     4 |     1 |     6 |    13 ||    24
Armor: Animal skin       |     7 |       |       |       ||     7
       Leather armour    |     5 |    56 |    19 |       ||    80
       Chain mail        |       |       |    42 |       ||    42
       Scale mail        |       |       |    28 |    86 ||   114
Dodge: Dodged            |    38 |   117 |   124 |   164 ||   443

Levels and vault maps discovered:
D:1:      matt_arrival_spirals, layout_loops_corners,
          hellmonk_ecumenical_altar_crossroads
D:2:      layout_rooms, uniq_sigmund
D:3:      layout_loops_corners, mainiacjoe_overflow_cross_hatched
D:4:      layout_cave_pools, mainiacjoe_overflow_concentric_impassable,
          nicolae_overflow_hallway_of_the_gods, uniq_pikel, uniq_blork_the_orc
D:5:      layout_loops_ring, mainiacjoe_overflow_alcove_4
D:6:      layout_rooms
D:7:      layout_loops_ring, nicolae_overflow_hidden_temple,
          minmay_temple_entry_statues_fountains, water_maze_lemuel
D:8:      layout_basic, david_lair_shrubbed, nicolae_wooded_promenade,
          minivault_24, nrook_pool_corridor, minmay_starry_boxes
Lair:1:   layout_regular_city, chequers_serial_rivers_room_a,
          serial_bayou_ford_a, hangedman_tree_tricks, st_stairs_5,
          grunt_megastairs_3, lemuel_fruit_tree
Lair:2:   layout_layer_cave, minmay_swamp_entry_worms, enter_volcano_1,
          eino_house_with_fridge, serial_bayou_shore_b, uniq_nergalle
Volcano:  volcano_lake [vl_original]

Notes
Turn   | Place    | Note
-------+----------+-------------------------------------------
     0 | D:1      | melkoren the Minotaur Berserker began the quest for the
                  | Orb.
     0 | D:1      | Reached XP level 1. HP: 19/19 MP: 0/0
     0 | D:1      | magus.rc [v1.11.3]
   350 | D:1      | Found a faded altar of an unknown god.
   440 | D:1      | Reached XP level 2. HP: 16/27 MP: 1/1
  1789 | D:2      | Reached skill level 4 in Axes
  1792 | D:2      | Reached skill level 4 in Fighting
  1856 | D:2      | Reached skill level 3 in Armour
  1915 | D:2      | Reached XP level 3. HP: 33/33 MP: 2/2
  1922 | D:2      | Noticed Sigmund
  1934 | D:2      | Killed Sigmund
  1935 | D:2      | Reached skill level 4 in Armour
  1935 | D:2      | Reached skill level 3 in Dodging
  1935 | D:2      | Reached XP level 4. HP: 41/41 MP: 3/3
  1935 | D:2      | Reached XP level 5. HP: 47/47 MP: 4/4
  2200 | D:2      | Reached skill level 5 in Fighting
  2200 | D:2      | Reached skill level 5 in Axes
  2352 | D:3      | Reached XP level 6. HP: 25/56 MP: 5/5
  2693 | D:3      | Reached ** piety under Trog
  2695 | D:3      | Found a shadowy altar of Dithmenos.
  2820 | D:3      | Reached skill level 4 in Dodging
  3761 | D:4      | Found an ornate altar of the Wu Jian Council.
  3761 | D:4      | Found a snail-covered altar of Cheibriados.
  3767 | D:4      | Found a glowing golden altar of the Shining One.
  3771 | D:4      | Found a white marble altar of Elyvilon.
  3772 | D:4      | Found an iron altar of Okawaru.
  3779 | D:4      | Found a broken altar of Ashenzari.
  3780 | D:4      | Found a burning altar of Makhleb.
  4288 | D:4      | Found a shimmering blue altar of Sif Muna.
  4313 | D:4      | Reached skill level 5 in Armour
  4404 | D:4      | Noticed Pikel
  4409 | D:4      | Noticed Blork the orc
  4416 | D:4      | HP: 14/56 [Pikel/+2 whip of freezing (1)]
  4417 | D:4      | HP: 4/56 [Pikel/+2 whip of freezing (6)]
  4956 | D:4      | Killed Pikel
  4957 | D:4      | Reached skill level 6 in Fighting
  4957 | D:4      | Reached skill level 6 in Axes
  4957 | D:4      | Reached skill level 5 in Dodging
  4957 | D:4      | Reached XP level 7. HP: 50/64 MP: 6/6
  5487 | D:4      | Killed Blork the orc
  5488 | D:4      | Reached skill level 6 in Armour
  5488 | D:4      | Reached XP level 8. HP: 71/71 MP: 7/7
  5535 | D:5      | Entered Level 5 of the Dungeon
  5617 | D:5      | HP: 16/71 [gnoll/+0 spear (7)]
  5802 | D:5      | Reached skill level 7 in Fighting
  5920 | D:5      | Reached skill level 7 in Axes
  5940 | D:5      | Found a hide-covered altar of Uskayaw.
  5965 | D:5      | Reached skill level 6 in Dodging
  6540 | D:5      | Reached *** piety under Trog
  6682 | D:6      | Reached skill level 7 in Armour
  7249 | D:6      | Reached XP level 9. HP: 49/81 MP: 8/8
  7404 | D:6      | Reached skill level 8 in Fighting
  7404 | D:6      | Reached skill level 8 in Axes
  7693 | D:6      | Reached skill level 7 in Dodging
  8249 | D:7      | Reached skill level 8 in Armour
  8478 | D:7      | Found a staircase to the Ecumenical Temple.
  9000 | D:7      | You pick up a book of Spatial Translocations {forbidden}
                  | and begin reading...
  9000 | D:7      | You add the spells Blink, Lesser Beckoning and Manifold
                  | Assault to your library.
  9981 | D:8      | You pick up a book of Vapours {forbidden} and begin
                  | reading...
  9981 | D:8      | You add the spells Poisonous Vapours and Corpse Rot to your
                  | library.
  9997 | D:8      | Reached skill level 9 in Axes
 10010 | D:8      | You pick up a book of Sloth {forbidden} and begin
                  | reading...
 10010 | D:8      | You add the spells Petrify, Metabolic Englaciation and
                  | Statue Form to your library.
 10022 | D:8      | Reached skill level 9 in Fighting
 10028 | D:8      | Noticed a centaur warrior
 10036 | D:8      | Killed a centaur warrior
 10037 | D:8      | Reached skill level 9 in Armour
 10037 | D:8      | Reached skill level 8 in Dodging
 10037 | D:8      | Reached XP level 10. HP: 83/91 MP: 9/9
 10817 | D:8      | Reached **** piety under Trog
 11214 | D:8      | You pick up a book of Touch {forbidden} and begin
                  | reading...
 11214 | D:8      | You add the spells Static Discharge, Sticky Flame and
                  | Dispel Undead to your library.
 11408 | D:8      | Found Iruzxaukk's General Store.
 11409 | D:8      | Found Laujana's Antique Armour Emporium.
 11410 | D:8      | Found Vetwotot's Jewellery Boutique.
 11411 | D:8      | Found Ahuoc's Weapon Shoppe.
 11701 | D:8      | Found a staircase to the Lair.
 11785 | D:8      | Noticed a two-headed ogre
 11795 | D:8      | Killed a two-headed ogre
 11796 | D:8      | Reached skill level 10 in Fighting
 11796 | D:8      | Reached skill level 10 in Axes
 12290 | Lair:1   | Entered Level 1 of the Lair of Beasts
 12301 | Lair:1   | Noticed a black mamba
 12310 | Lair:1   | HP: 14/93 [black mamba (12)]
 12730 | Lair:1   | Killed a black mamba
 12731 | Lair:1   | Reached skill level 9 in Dodging
 12836 | Lair:1   | Noticed a cane toad
 12843 | Lair:1   | Killed a cane toad
 12844 | Lair:1   | Reached skill level 10 in Armour
 13574 | Lair:1   | Reached XP level 11. HP: 76/101 MP: 10/10
 13589 | Lair:1   | Reached skill level 11 in Axes
 14039 | Lair:1   | Reached skill level 11 in Fighting
 14482 | Lair:1   | Reached skill level 10 in Dodging
 14487 | Lair:1   | Reached skill level 11 in Armour
 15252 | Lair:1   | Found a blossoming altar of Fedhas.
 15254 | Lair:1   | Noticed an oklob plant
 15806 | Lair:2   | HP: 19/103 [blink frog (10)]
 16050 | Lair:2   | Found a dark tunnel.
 16057 | Volcano  | Entered a volcano
 16567 | Volcano  | Found a radiant altar of Vehumet.
 16567 | Volcano  | Noticed a centaur warrior
 16575 | Volcano  | Killed a centaur warrior
 16582 | Volcano  | Reached skill level 12 in Axes
 16839 | Volcano  | Noticed a red draconian
 16850 | Volcano  | HP: 25/104 [red draconian/+0 scimitar of flaming (14)]
 16851 | Volcano  | HP: 12/104 [red draconian/+0 scimitar of flaming (11)]
 16852 | Volcano  | Slain by a red draconian

Vanquished Creatures
  2 centaur warriors
  A two-headed ogre (D:8)
  Pikel (D:4)
  A black mamba (Lair:1)
  5 cane toads
  A rime drake (Lair:1)
  3 komodo dragons
  A yaktaur (Volcano)
  A hornet (D:7)
  8 blink frogs
  Sigmund (D:2)
  12 yaks (Lair:1)
  A fire bat (Volcano)
  A basilisk (Lair:1)
  3 steam dragons
  2 water moccasins
  An ice beast (D:8)
  A black bear (D:5)
  2 orc warriors
  5 wolves (Lair:1)
  2 ogres (D:6)
  2 centaurs (Volcano)
  4 lemures (D:4)
  Blork the orc (D:4)
  A kobold brigand (D:8)
  4 scorpions
  3 bullfrogs
  2 gnoll sergeants
  A necrophage (D:6)
  2 wights (D:8)
  10 killer bees
  A jelly (D:5)
  3 howler monkeys
  5 electric eels
  4 lava snakes (Volcano)
  3 hounds
  6 orc priests
  2 iguanas (D:5)
  5 orc wizards
  17 gnolls
  5 adders
  3 shadow imps
  A white imp (D:7)
  3 ufetubi
  2 worms
  A dart slug (D:1)
  21 orcs
  10 endoplasms
  3 giant cockroaches
  7 goblins
  3 hobgoblins
  6 jackals
  2 quokkas
  9 ball pythons
  6 bats
  A frilled lizard (D:1)
  8 kobolds
  3 rats
225 creatures vanquished.

Vanquished Creatures (others)
  6 fungi
  44 plants
50 creatures vanquished.

Grand Total: 275 creatures vanquished

Table legend:
 A = Non-vault XP
 B = Vault XP
 C = Vault XP percentage of total XP
 D = Non-vault monster count
 E = Vault monster count
 F = Vault count percentage of total count
                 A         B        C        D         E       F
            +---------+---------+-------+---------+---------+-------
      Total |   13514 |    5468 |  28.8 |     196 |      25 |  11.3
            +---------+---------+-------+---------+---------+-------
        D:1 |      21 |       0 |   0.0 |      13 |       0 |   0.0
        D:2 |      66 |     243 |  78.6 |      21 |       1 |   4.5
        D:3 |     129 |       0 |   0.0 |      21 |       0 |   0.0
        D:4 |     275 |     716 |  72.3 |      27 |       2 |   6.9
        D:5 |     693 |       0 |   0.0 |      20 |       0 |   0.0
        D:6 |    1237 |       0 |   0.0 |      19 |       0 |   0.0
        D:7 |    1098 |       0 |   0.0 |      20 |       0 |   0.0
        D:8 |    2440 |     951 |  28.0 |      21 |       8 |  27.6
     Lair:1 |    6082 |    1765 |  22.5 |      29 |       5 |  14.7
     Lair:2 |    1473 |       0 |   0.0 |       5 |       0 |   0.0
    Volcano |       0 |    1793 | 100.0 |       0 |       9 | 100.0
            +---------+---------+-------+---------+---------+-------

Illustrated notes

Table legend:
 A = Kills in this place as a percentage of kills in entire the game.
 B = Kills by you in this place as a percentage of kills by you in the entire game.
 C = Kills by friends in this place as a percentage of kills by friends in the entire game.
 D = Other kills in this place as a percentage of other kills in the entire game.
 E = Experience gained in this place as a percentage of experience gained in the entire game.
 F = Experience gained in this place divided by the number of levels of this place that you have seen.
                   A       B       C       D       E      F
               +-------+-------+-------+-------+-------+----------------------
         Total | 100.0 | 100.0 |   N/A |   N/A | 100.0 | 1725.6
       Dungeon |  78.3 |  78.3 |   N/A |   N/A |  41.5 | 983.6
          Lair |  17.6 |  17.6 |   N/A |   N/A |  49.1 | 4660.0
       Volcano |   4.1 |   4.1 |   N/A |   N/A |   9.4 | 1793.0
               +-------+-------+-------+-------+-------+----------------------

Table legend: (Time is in decaauts)
 A = Elapsed time spent in this place.
 B = Non-inter-level travel time spent in this place.
 C = Inter-level travel time spent in this place.
 D = Time resting spent in this place.
 E = Time spent auto-exploring this place.
 F = Levels seen in this place.
 G = Mean time per level.
                   A        B        C        D        E       F      G
               +--------+--------+--------+--------+--------+-----+--------+
         Total |  17031 |  16427 |    604 |   7434 |   6936 |  11 | 1548.3 |
       Dungeon |  13134 |  12597 |    537 |   5553 |   5587 |   8 | 1641.8 |
          Lair |   3099 |   3032 |     67 |   1448 |   1212 |   2 | 1549.5 |
       Volcano |    797 |    797 |      0 |    433 |    137 |   1 |  797.0 |
               +--------+--------+--------+--------+--------+-----+--------+

Top non-repeatable levels by time:
     D:8: 2843 daAuts
  Lair:1: 2722 daAuts
     D:7: 2004 daAuts
     D:4: 1952 daAuts
     D:1: 1741 daAuts
     D:6: 1432 daAuts
     D:3: 1405 daAuts
     D:5: 1136 daAuts
 Volcano: 797 daAuts
     D:2: 618 daAuts
  Lair:2: 376 daAuts
